 Dungeon Crawl Stone Soup version 0.26-a0-946-g9485abf61d (webtiles) character file.

Game seed: 8844599549019137425

2730 KristoblXynda the Ducker (level 9, -36/61 HPs)
             Began as a Vampire Gladiator on Nov 28, 2020.
             Was an Initiate of Ashenzari.
             Annihilated by a boulder beetle (44 damage)
             ... on level 7 of the Dungeon.
             The game lasted 00:13:11 (6539 turns).

KristoblXynda the Ducker (Vampire Gladiator)        Turns: 6539, Time: 00:13:12

Health: -36/61     AC:  9    Str: 14    XL:     9   Next: 40%
Magic:  9/9        EV: 19    Int: 12    God:    Ashenzari [......]
Gold:   258        SH:  6    Dex: 16    Spells: 8/8 levels left

rFire    . . .     SeeInvis +   a - +0 long sword
rCold    . . .     Faith    .   t - +1 buckler {reflect} (curse)
rNeg     . . .     Spirit   .   j - +0 ring mail
rPois    .         Reflect  +   c - +0 helmet
rElec    .         Harm     .   r - +0 cloak
rCorr    .         Rampage  .   e - +0 pair of gloves (curse)
MR       .....                  (no boots)
Stlth    ++++......             (no amulet)
HPRegen  0.40/turn              g - ring of stealth
MPRegen  0.11/turn              v - +4 ring of evasion (curse)

@: regenerating quickly
A: fangs 3, see invisible, unbreathing
a: Exsanguinate, Curse Item, Renounce Religion


You were on level 7 of the Dungeon.
You worshipped Ashenzari.
Ashenzari was noncommittal.
You visited 2 branches of the dungeon, and saw 8 of its levels.
You also visited: Ossuary.

You collected 430 gold pieces.
You spent 172 gold pieces at shops.

Inventory:

Hand Weapons
 a - a +0 long sword (weapon)
Missiles
 d - 3 throwing nets (quivered)
Armour
 c - a +0 helmet (worn)
 e - a cursed +0 pair of gloves (worn)
 j - a +0 ring mail (worn)
 r - a +0 cloak (worn)
 t - a cursed +1 buckler of reflection (worn)
Jewellery
 g - a ring of stealth (left hand)
 o - an uncursed ring of resist corrosion
 v - a cursed +4 ring of evasion (right hand)
Wands
 A - a wand of iceblast (8)
Scrolls
 b - 3 scrolls of blinking
 i - 3 scrolls of remove curse
 k - a scroll of fear
 n - 5 scrolls of enchant weapon
 p - 7 scrolls of teleportation
 y - a scroll of magic mapping {unknown}
Potions
 f - a potion of magic
 h - 6 potions of flight
 l - a potion of heal wounds
 m - a potion of ambrosia
 s - 4 potions of curing
 u - 2 potions of attraction {unknown}
 w - 3 potions of brilliance {unknown}
 x - a potion of mutation
 z - a potion of berserk rage {unknown}
 B - a potion of lignification {unknown}
 C - a potion of might {unknown}


   Skills:
 - Level 2.0 Fighting
 + Level 7.1 Long Blades
 - Level 1.5 Throwing
 + Level 5.1 Armour
 + Level 7.1 Dodging
 - Level 6.5 Stealth
 - Level 4.1 Shields
 + Level 2.3 Evocations


You had 8 spell levels left.
You didn't know any spells.
Your spell library was empty.

Dungeon Overview and Level Annotations

Branches:
Dungeon (7/15)             Temple (1/1) D:6         Ossuary (visited)

Altars:
Ashenzari
Cheibriados
Dithmenos
Fedhas
Gozag
Hepliaklqana
Makhleb
Nemelex Xobeh
Okawaru
Qazlal
Ru
Trog
Uskayaw
Vehumet
Wu Jian
Xom
Yredelemnul
Zin
The Shining One

Shops:
D:5 [


Innate Abilities, Weirdness & Mutations

Your natural rate of healing is unusually fast.
You have razor-sharp teeth.
You have supernaturally acute eyesight. (SInv)
You can survive without breathing.


Message History

The boulder beetle is lightly wounded.
The boulder beetle closely misses you.
You hit the boulder beetle but do no damage.
The boulder beetle is lightly wounded.
The boulder beetle barely misses you.
You riposte.
You hit the boulder beetle.
The boulder beetle is lightly wounded.
You hit the boulder beetle but do no damage.
You bite the boulder beetle, but do no damage.
The boulder beetle is lightly wounded.
The boulder beetle bites you!!
You hit the boulder beetle but do no damage.
You bite the boulder beetle, but do no damage.
The boulder beetle is lightly wounded.
The boulder beetle completely misses you.
The boulder beetle bites you!!
* * * LOW HITPOINT WARNING * * *
The boulder beetle curls into a ball and begins rolling!
The boulder beetle hits you!!!
Ouch! That really hurt!
You die...

...#......# #..°......##...##.#
...#......# #.##########.#.##.#
...#......# #.# #.#..#.#
(..#......# #.# #.##.#.#
...#......# #.# #..)...#
.........)###.##########..#...#
...#......................##..#
...#......###############.##..###
...#####....°°○B@# #....>...
#################################
................................#
###############################(#
#.# #.. ###


You could see a boulder beetle.

Vanquished Creatures
  A troll (D:6)
  Menkaure (D:5)
  A vampire mosquito (D:7)
  A water moccasin (D:5)
  2 sky beasts
  An orc warrior (D:6)
  An ogre (D:5)
  A phantom (D:5)
  6 centaurs
  An elf zombie (Ossuary)
  A bullfrog (D:7)
  2 scorpions (D:5)
  5 wights (D:7)
  3 howler monkeys
  3 hounds
  An orc priest (D:3)
  Crazy Yiuf (D:3)
  A jelly (D:7)
  3 orc wizards
  2 bullfrog skeletons
  2 iguanas
  4 worker ants
  Terence (D:2)
  A hound zombie (D:7)
  A hound skeleton (D:4)
  3 mummies (Ossuary)
  4 adders
  3 white imps
  3 ufetubi
  An ooze (D:4)
  An adder skeleton (D:5)
  3 adder zombies (Ossuary)
  3 worms
  2 leopard geckos
  5 orcs
  7 bats
  5 giant cockroaches
  5 hobgoblins
  24 jackals
  3 kobolds
  3 quokkas
  2 ball pythons
  2 frilled lizards
  A gnoll zombie (Ossuary)
  3 goblins (D:2)
  4 goblin zombies (Ossuary)
  2 hobgoblin zombies (Ossuary)
  2 kobold zombies (Ossuary)
  2 quokka zombies (Ossuary)
  4 rats (D:2)
  3 rat zombies (Ossuary)
147 creatures vanquished.

Vanquished Creatures (others)
  3 fungi (D:3)
3 creatures vanquished.

Grand Total: 150 creatures vanquished

Notes
Turn   | Place    | Note
-------+----------+-------------------------------------------
     0 | D:1      | KristoblXynda the Vampire Gladiator began the quest for the
                  | Orb.
     0 | D:1      | Reached XP level 1. HP: 16/16 MP: 1/1
   139 | D:1      | Reached skill level 1 in Stealth
   239 | D:1      | Reached XP level 2. HP: 22/22 MP: 2/2
   450 | D:1      | You fall into a shaft and drop 1 floor!
   451 | D:2      | Noticed Terence
   463 | D:2      | Found a shimmering altar of Xom.
   625 | D:2      | Killed Terence
   626 | D:2      | Reached XP level 3. HP: 22/27 MP: 3/3
   724 | D:2      | Reached XP level 4. HP: 28/33 MP: 4/4
   771 | D:2      | Reached skill level 1 in Armour
  1092 | D:3      | Found a transporter.
  1135 | D:3      | Found a transporter.
  1144 | D:3      | Noticed a sky beast
  1158 | D:3      | Found a glowing golden altar of the Shining One.
  1344 | D:3      | Found a runed translucent door.
  1345 | D:3      | Noticed Crazy Yiuf
  1493 | D:3      | Killed Crazy Yiuf
  1494 | D:3      | Reached XP level 5. HP: 33/38 MP: 5/5
  1656 | D:3      | Killed a sky beast
  1754 | D:4      | Reached XP level 6. HP: 41/44 MP: 6/6
  2337 | D:4      | Reached skill level 5 in Stealth
  2508 | D:4      | Reached skill level 5 in Dodging
  2582 | D:5      | Entered Level 5 of the Dungeon
  2649 | D:5      | Noticed a water moccasin
  2654 | D:5      | Reached XP level 7. HP: 18/50 MP: 7/7
  2975 | D:5      | Reached skill level 5 in Long Blades
  3244 | D:5      | Found a shadowy altar of Dithmenos.
  3260 | D:5      | Found Umnonwog's Antique Armour Boutique.
  3263 | D:5      | Bought a glowing buckler for 172 gold pieces
  3391 | D:5      | Noticed Menkaure
  3508 | D:5      | Killed Menkaure
  3715 | D:5      | Reached skill level 1 in Shields
  4131 | D:5      | Reached XP level 8. HP: 50/56 MP: 8/8
  4438 | D:6      | Found a burning altar of Makhleb.
  4465 | D:6      | Found a staircase to the Ecumenical Temple.
  4758 | Temple   | Entered the Ecumenical Temple
  4809 | Temple   | Became a worshipper of Ashenzari the Shackled
  5573 | D:7      | Found a sand-covered staircase.
  5578 | Ossuary  | Entered an ossuary
  5834 | D:7      | Reached XP level 9. HP: 61/61 MP: 9/9
  5982 | D:7      | Reached skill level 1 in Evocations
  6228 | D:7      | Noticed a boulder beetle
  6228 | D:7      | Noticed a troll
  6230 | D:7      | Noticed a troll
  6231 | D:7      | Identified the +2 robe "Gilolaod" {Harm rElec MR- Dex+3}
  6266 | D:6      | Killed a troll
  6267 | D:6      | Reached skill level 5 in Armour
  6539 | D:7      | Annihilated by a boulder beetle

Illustrated notes

Levels and vault maps discovered:
D:1:      psy_arrival_fountain, layout_basic, serial_glass, glass_columns_a,
          glass_columns_b
D:2:      minmay_evil_eye, layout_rooms, old_standard_altar, uniq_terence
D:3:      layout_rooms, gammafunk_temple_overflow_arena, uniq_crazy_yiuf_cottage
D:4:      layout_loops_ring, kennysheep_opposing_triangles
D:5:      layout_basic, general_overflow_altar, serial_shops,
          nicolae_shop_behind_doors, grunt_decor_mini_mirrors,
          kennysheep_generic_room_11, uniq_menkaure
D:6:      layout_rooms, kennysheep_mini, minmay_temple_entry_ruins,
          patterned_corridor
D:7:      minmay_the_grid_octo_triangle [minmay_the_grid_octo_77,
          minmay_the_grid_octo_prize_star, minmay_the_grid_octo_focus],
          layout_basic, nicolae_ossuary_entry_false_entrances,
          grunt_decor_one_mirror
Temple:   regret_index_temple_waves

Skill      XL: |  1  2  3  4  5  6  7  8  9 |
---------------+----------------------------+-----
Stealth        | 1 2 3 4 5 6 |  6.5
Fighting       | 2 |  2.0
Armour         | 1 2 3 4 5 |  5.1
Dodging        | 4 5 6 7 |  7.1
Long Blades    | 4 5 6 7 |  7.1
Shields        | 1 3 4 |  4.1
Evocations     | 2 |  2.3
Throwing       | |  1.5

Action                   |  1- 3 |  4- 6 |  7- 9 || total
-------------------------+-------+-------+-------++-------
Melee: Long sword        |    78 |   106 |   348 ||   532
       Bite              |    10 |    20 |    63 ||    93
Throw: Throwing net      |       |       |     1 ||     1
Invok: Curse Item        |       |       |     2 ||     2
Evoke: Wand              |       |     4 |    11 ||    15
  Use: Scroll            |       |     5 |     9 ||    14
       Potion            |       |       |     2 ||     2
 Stab: Sleeping          |     2 |    11 |    10 ||    23
       Held in net/web   |       |       |     1 ||     1
Armor: Leather armour    |    26 |       |       ||    26
       Ring mail         |    16 |    39 |    78 ||   133
Dodge: Dodged            |    81 |    81 |   254 ||   416
Block: Buckler           |       |       |    92 ||    92
       Reflection        |       |       |     2 ||     2
       Rpst.: Long sword |    34 |    27 |    75 ||   136

Table legend: (Time is in decaauts)
 A = Elapsed time spent in this place.
 B = Non-inter-level travel time spent in this place.
 C = Inter-level travel time spent in this place.
 D = Time resting spent in this place.
 E = Time spent auto-exploring this place.
 F = Levels seen in this place.
 G = Mean time per level.
                   A        B        C        D        E       F      G
               +--------+--------+--------+--------+--------+-----+--------+
         Total |   6622 |   6436 |    186 |   1638 |   3152 |   9 |  735.8 |
       Dungeon |   6271 |   6098 |    173 |   1604 |   3049 |   7 |  895.9 |
        Temple |    126 |    113 |     13 |      0 |    103 |   1 |  126.0 |
       Ossuary |    223 |    223 |      0 |     34 |      0 |   1 |  223.0 |
               +--------+--------+--------+--------+--------+-----+--------+

Top non-repeatable levels by time:
     D:5: 1750 daAuts
     D:6: 1171 daAuts
     D:4: 859 daAuts
     D:3: 730 daAuts
     D:7: 726 daAuts
     D:2: 574 daAuts
     D:1: 458 daAuts
 Ossuary: 223 daAuts
  Temple: 126 daAuts
